 Dungeon Crawl Stone Soup version 0.16-a0-139-gc9fe9b1 (webtiles) character file.

262 Ratboiler the Cudgeler (level 6, -3/62 (65) HPs)
             Began as an Ogre Hunter on Aug 14, 2014.
             Killed by divine providence
             ... invoked by an orc priest
              (14 damage)
             ... on Level 3 of the Dungeon.
             The game lasted 00:07:31 (2586 turns).

Ratboiler the Cudgeler (Ogre Hunter)                Turns: 2586, Time: 00:07:32

HP  -3/62 (65)   AC  6     Str 18      XL: 6   Next: 18%
MP   6/6         EV 10     Int 13      God:
Gold 148         SH  0     Dex 12      Spells:  0 memorised,  5 levels left

rFire  + . .     SeeInvis .     o - +2 whip (vamp)
rCold  + . .     Clarity  .     d - +0 animal skin
rNeg   . . .     rCorr    +     (shield restricted)
rPois  +         rRot     .     (helmet restricted)
rElec  +         Spirit   .     j - +0 cloak
SustAb .         Warding  .     (gloves unavailable)
rMut   .         Stasis   .     (boots unavailable)
Gourm  .                        (no amulet)
MR     .....                    (no ring)
                                (no ring)

@: brilliant, resistant, not resistant to hostile enchantments, very unstealthy
A: unfitting armour, thin metallic scales 1, dopey 1, slow healing 1, tough skin
1
a: no special abilities


You were on level 3 of the Dungeon.
You were not hungry.

You visited 1 branch of the dungeon, and saw 3 of its levels.

You collected 148 gold pieces.

Inventory:

Hand weapons
 a - a +1 club
 o - a +2 vampiric whip (weapon)
Missiles
 b - 4 large rocks (quivered)
 c - 3 throwing nets
 e - 7 javelins
 n - 19 poisoned needles
Armour
 d - a +0 animal skin (worn)
 j - a +0 cloak (worn)
Comestibles
 f - 2 meat rations
 h - a fruit
 s - 2 rotting chunks of hobgoblin flesh
 v - 2 bread rations
 x - a rotting chunk of gnoll flesh
 z - 2 rotting chunks of hobgoblin flesh
Scrolls
 g - 3 scrolls of identify {unknown}
 i - 2 scrolls of amnesia {unknown}
 k - 2 scrolls of recharging {unknown}
 p - a scroll of random uselessness {unknown}
 q - a scroll of remove curse {unknown}
 u - a scroll of magic mapping {unknown}
 w - a scroll of enchant weapon {unknown}
Potions
 m - a potion of mutation


   Skills:
 + Level 4.8 Fighting
 * Level 5.5 Maces & Flails
 - Level 4.3 Throwing
 + Level 3.1 Dodging
 - Level 0.7 Stealth


You had 5 spell levels left.
You didn't know any spells.

Dungeon Overview and Level Annotations

Branches:
Dungeon (3/15)

Altars:
Vehumet


Innate Abilities, Weirdness & Mutations

You are too large for most types of armour.
You have tough skin (AC +1).
You are partially covered in thin metallic scales (AC +2).
You are dopey. (Int -2)
You heal slowly when monsters are visible.


Message History

The orc priest closely misses you.
The orc priest hits you but does no damage.
You hit the orc priest.
You feel better.
The orc priest is heavily wounded.
The orc priest glows brightly for a moment.
You barely miss the orc priest.
The orc priest is heavily wounded.
The orc priest hits you.
* * * LOW HITPOINT WARNING * * *
You hit the orc priest.
The orc priest is severely wounded.
The orc priest looks braver.
The orc priest hits you but does no damage.
You whack the orc priest!
You feel better.
You kill the orc priest!
The orc priest hits you but does no damage.
You closely miss the orc priest.
The orc priest calls down the wrath of Beogh upon you.
Something smites you!
You die...

#.#.#.#.#.#.#.#.#.#.#.#.#.#.#.#
.#.#.#.#.#.#.#)#.#.#.#.#.#.#.##
#.#.#.#.#.#.#.#.#.#.#.#.#.#.#.#
##.#(#.#.#.#(#.#.#.#.#.#.#.#.##
#.#.#.#.#.#.#.#.#.#%#.#.#%#.#.#
..#.#.#.#.#.#.#.#.#.#.#.#.#.#.##
##.#.#.#.#.#.#.#.#.<.#.#.#.#.#.#
##.#.#.#.#.#.#.#o#.#.#.#.#.#.##
#.#.#.#.#.#.#.#@#.#.#.#.#.#.#.#
##.#.#.#.#.#.#)#)# #.#.#.#.#.##
#.#.#.#.#.#.#.#.#.# #.#.#.#.#.##
##.#.#)#)#.#.#.#.#.# #.#.#.#.#..
#.#.#.#.#.#.#.#.#(#.# #.#.#%#'..
###.#.#.#.#.#.#.#.#.#.#.#.#.#.#..
...#.#.#.#.#.#.#.#.#.# #.#.#.#+..
...'#.#.#.#.#.#.#.#.# #.#.#.#..
...#.#.#.#.#.#.#.#.# #.#.#.#+..


You could see an orc priest.

Vanquished Creatures
  2 orc priests (D:3)
  Jessica (D:2)
  7 gnolls
  6 adders
  A worm (D:3)
  2 giant geckos (D:1)
  An ooze (D:3)
  2 orcs (D:3)
  9 bats
  A giant cockroach (D:2)
  3 goblins (D:1)
  8 hobgoblins
  5 jackals (D:1)
  5 kobolds
  2 quokkas
  A ball python (D:1)
  3 giant newts
  6 rats
65 creatures vanquished.

Notes
Turn   | Place    | Note
--------------------------------------------------------------
     0 | D:1      | Ratboiler, the Ogre Hunter, began the quest for the Orb.
     0 | D:1      | Reached XP level 1. HP: 22/22 MP: 1/1
   237 | D:1      | Reached XP level 2. HP: 14/31 MP: 2/2
   818 | D:1      | Reached XP level 3. HP: 37/37 MP: 3/3
  1221 | D:2      | Noticed Jessica
  1232 | D:2      | Killed Jessica
  1260 | D:2      | Reached XP level 4. HP: 36/48 MP: 4/4
  1782 | D:2      | Reached XP level 5. HP: 45/54 MP: 5/5
  1941 | D:2      | Found a radiant altar of Vehumet.
  2395 | D:3      | Reached skill level 5 in Maces & Flails
  2576 | D:3      | Reached XP level 6. HP: 27/63 MP: 6/6
  2577 | D:3      | Gained mutation: You heal slowly when monsters are visible. [potion of mutation]
  2577 | D:3      | Gained mutation: You are dopey. (Int -2) [potion of mutation]
  2577 | D:3      | Gained mutation: You are partially covered in thin metallic scales (AC +2). [potion of mutation]
  2586 | D:3      | Killed from afar by an orc priest

Action                   |  1- 3 |  4- 6 || total
-------------------------+-------+-------++-------
Melee: Club              |    56 |       ||    56
       Whip              |    66 |   164 ||   230
Throw: Large rock        |     7 |       ||     7
  Use: Potion            |       |     4 ||     4
 Stab: Sleeping          |       |     1 ||     1
  Eat: Fruit             |     3 |       ||     3
       Chunk             |     3 |     5 ||     8
